 Dungeon Crawl Stone Soup version 0.23.2-33-g5129a83184 (webtiles) character file.

Game seed: 4505773101989597783

10324 FishyPogo the Merchant of Misery (level 11, 0/90 HPs)
             Began as a Deep Dwarf Necromancer on Aug 5, 2019.
             Was a Believer of Kikubaaqudgha.
             Slain by a minotaur (7 damage)
             ... on level 11 of the Dungeon.
             The game lasted 01:49:41 (11644 turns).

FishyPogo the Merchant of Misery (DDNe)            Turns: 11644, Time: 01:49:41

Health: 0/90       AC: 18    Str: 13    XL:     11   Next: 34%
Magic:  4/24 (15)  EV:  8    Int: 16    God:    Kikubaaqudgha [**....]
Gold:   541        SH:  0    Dex: 15    Spells: 5/16 levels left

rFire    . . .     SeeInvis .   a - +3 flail (pain)
rCold    . . .     Gourm    .   (no shield)
rNeg     . . .     Faith    .   W - +1 plate armour {MR+}
rPois    .         Spirit   .   R - +0 helmet
rElec    .         Reflect  .   v - +2 cloak {MR+}
rCorr    .         Harm     .   n - +0 pair of gloves
MR       +++..                  y - +0 pair of boots
Stlth    ..........             u - amulet of inaccuracy (curse)
HPRegen  0.00/turn              e - +4 ring of evasion
MPRegen  0.19/turn              l - ring of magical power

@: non-regenerating
A: damage resistance, heal wounds, sense surroundings 2, no regeneration
a: Heal Wounds, Receive Corpses, Renounce Religion


You were on level 11 of the Dungeon.
You worshipped Kikubaaqudgha.
Kikubaaqudgha was pleased with you.
You were not hungry.

You visited 1 branch of the dungeon, and saw 11 of its levels.

You collected 664 gold pieces.
You spent 123 gold pieces at shops.

Inventory:

Hand Weapons
 a - a +3 flail of pain (weapon)
 b - the +1 hunting sling of Joudool {velocity, rN+ Str+4 Dex+3}
   (You bought it in a shop on level 9 of the Dungeon)

   Any stone fired from it inflicts extra damage.
   It affects your strength (+4).
   It affects your dexterity (+3).
   It protects you from negative energy.
 w - the +0 short sword of the Tomato {pierce, +Fly rC+ Stlth-}
   (You found it on level 6 of the Dungeon)

   It inflicts extra damage upon your enemies.
   It protects you from cold.
   It lets you fly.
   It makes you less stealthy.
 M - a +1 antimagic whip
 O - a +0 short sword of venom
Missiles
 k - 7 steel tomahawks
 H - 2 tomahawks (quivered)
 K - 192 stones
 P - 79 sling bullets
Armour
 n - a +0 pair of gloves (worn)
 v - a +2 cloak of magic resistance (worn)
 y - a +0 pair of boots (worn)
 B - a +0 cloak of poison resistance
 L - a +2 leather armour of fire resistance
 R - a +0 helmet (worn)
 S - a +0 scale mail of cold resistance
 W - a +1 plate armour of magic resistance (worn)
 X - a +2 troll leather armour {Snorg}
Jewellery
 e - a +4 ring of evasion (left hand)
 l - a ring of magical power (right hand)
 u - a cursed amulet of inaccuracy (around neck)
 A - an uncursed ring of protection from cold
 G - an uncursed ring of protection from fire
Wands
 f - a wand of random effects (25)
 N - a wand of polymorph (17)
 Q - a wand of paralysis (7)
 T - a wand of enslavement (7)
 V - a wand of scattershot (4)
Scrolls
 g - 2 scrolls of blinking {unknown}
 j - 6 scrolls of remove curse
 m - 4 scrolls of enchant armour {unknown}
 o - 8 scrolls of identify
 q - 2 scrolls of teleportation
 r - a scroll of immolation {unknown}
 s - 2 scrolls of amnesia {unknown}
 D - 2 scrolls of enchant weapon
 F - 2 scrolls of magic mapping
 I - a scroll of fear {unknown}
 J - a scroll of fog
 U - a scroll of noise {unknown}
Potions
 d - 2 potions of cancellation {unknown}
 h - 4 potions of degeneration
 p - 2 potions of heal wounds
 t - a potion of berserk rage {unknown}
 x - 2 potions of mutation
 z - a potion of curing
 C - 3 potions of agility {unknown}
 E - a potion of might {unknown}
Comestibles
 c - 21 rations


   Skills:
 * Level 3.0 Fighting
 - Level 5.0 Short Blades
   Level 5.1(5.3) Axes
 + Level 1.6(3.4) Maces & Flails
 - Level 8.0 Slings
 * Level 3.0 Armour
 - Level 3.0 Dodging
 - Level 3.0 Stealth
 + Level 3.0 Spellcasting
 + Level 14.3 Necromancy
 * Level 0.3 Evocations


You had 5 spell levels left.
You knew the following spells:

 Your Spells              Type           Power        Failure   Level  Hunger
a - Pain                  Necr           ####         7%          1    #......
b - Animate Skeleton      Necr           N/A          7%          1    #......
c - Vampiric Draining     Necr           #####.....   21%         3    ###....
d - Animate Dead          Necr           N/A          56%         4    #####..
e - Sublimation of Blood  Necr           #####.....   11%         2    ##.....

Your spell library contained the following spells:

 Spells                   Type           Power        Failure   Level  Hunger
 Corpse Rot               Necr           N/A          11%         2    ##.....
 Infusion                 Chrm           #...         100%        1    #......
 Shroud of Golubria       Chrm/Tloc      #.........   100%        2    ##.....
 Song of Slaying          Chrm           #.......     100%        2    ##.....
 Spectral Weapon          Hex/Chrm       #.......     100%        3    ###....
 Regeneration             Chrm/Necr      Unusable     N/A         3    N/A

Dungeon Overview and Level Annotations

Branches:
Dungeon (11/15)            Temple (0/1) D:7            Lair (0/6) D:10
    Orc (0/2) D:11

Altars:
Cheibriados
Dithmenos
Fedhas
Gozag
Kikubaaqudgha
Ru
Trog
Uskayaw
Wu Jian
Xom
The Shining One
Beogh
Lugonu

Shops:
D:9 (

Annotations:
D:1 exclusion: downstairs
D:5 exclusion: oklob plant
D:7 2 transporters
D:11 FishyPogo's ghost, journeyman TrMo; Urug


Innate Abilities, Weirdness & Mutations

You are resistant to damage.
You can heal yourself by infusing magical energy.
You passively map the area around you.
You do not regenerate.


Message History

Aim: a minotaur, wearing a +0 chain mail (moderately wounded)
The minotaur is heavily wounded.
You feel life coursing into your body. The minotaur hits you!!
* * * LOW HITPOINT WARNING * * *
The minotaur gores you but does no damage.
Your acid dragon skeleton closely misses the minotaur.
The minotaur furiously retaliates!
The minotaur headbutts your acid dragon skeleton!
Your acid dragon skeleton claws the minotaur.
Casting: Vampiric Draining (safe; 21% risk of failure)
Confirm with . or Enter, or press ? or * to list all spells.
Aiming: Vampiric Draining (safe; 21% risk of failure)
Press: ? - help, Shift-Dir - straight line, f/p - minotaur
Aim: a minotaur, wearing a +0 chain mail (heavily wounded)
The minotaur is severely wounded.
You feel life coursing into your body. The minotaur hits you!!
* * * LOW HITPOINT WARNING * * *
The minotaur gores you!
You die...
Kikubaaqudgha rasps: "You have failed me!
Welcome... death!"

...(.......................#.##%#
................................#
................##########...####
)............H..(............#
#####.......##...............#
....#.......##..............>#
###.#H#(.....#...............#
....WDW......####H...........#
#...'.....>..#..@Z...........#
..#.'........#...............#
#.#.#..#8)..8#......(........#
....#.####)###........########
#####..#.....#........#
.......#.....#........#
.......#.._..#........#
.......#.....#........#
.......#.....#........#


You could see a minotaur and a friendly acid dragon skeleton.

Vanquished Creatures
  Snorg (D:11)
  Erolcha (D:11)
  Nergalle (D:11)
  Pikel (D:6)
  An orc knight (D:10)
  An ugly thing (D:11)
  Maurice (D:9)
  A troll (D:11)
  3 hippogriffs
  Sigmund (D:2)
  6 yaks (D:10)
  A wyvern (D:9)
  An acid dragon (D:11)
  2 porcupines (D:10)
  5 orc warriors
  2 ice beasts
  3 slaves (D:6)
  A black bear (D:11)
  5 centaurs
  8 ogres
  2 big kobolds
  4 bullfrogs
  A scorpion (D:6)
  A howler monkey (D:10)
  3 vampire bats (D:6)
  4 crimson imps
  3 jellies
  Crazy Yiuf (D:3)
  A bullfrog skeleton (D:6)
  9 orc priests
  2 centaur skeletons
  11 hounds
  2 orc wizards (D:11)
  Terence (D:3)
  2 iguanas
  4 worker ants
  A hound zombie (D:7)
  3 hound skeletons
  A howler monkey zombie (D:11)
  A worker ant zombie (D:5)
  13 adders
  5 gnolls
  An ooze (D:4)
  2 adder zombies (D:6)
  2 adder skeletons
  A dart slug (D:3)
  2 leopard geckos
  47 orcs
  A ball python (D:3)
  5 bats
  2 bat skeletons (D:6)
  3 bat zombies (D:6)
  3 giant cockroaches
  5 goblins
  4 hobgoblins
  24 jackals
  7 quokkas
  8 frilled lizards
  A giant cockroach zombie (D:5)
  11 kobolds
  A leopard gecko skeleton (D:6)
  A quokka skeleton (D:5)
  10 rats
  2 butterflies (D:8)
264 creatures vanquished.

Vanquished Creatures (collateral kills)
  A freezing wraith (D:11)
  A phantom (D:5)
  A slave (D:6)
  A bullfrog (D:6)
  A bullfrog zombie (D:7)
  2 orc wizards
  A hound skeleton (D:6)
  An adder (D:3)
  3 gnolls (D:6)
  3 orcs (D:6)
  2 jackals
  2 kobolds
19 creatures vanquished.

Vanquished Creatures (others)
  An orc priest (D:6)
  An orc (D:6)
2 creatures vanquished.

Grand Total: 285 creatures vanquished

Notes
Turn   | Place    | Note
-------+----------+-------------------------------------------
     0 | D:1      | FishyPogo the Deep Dwarf Necromancer began the quest for
                  | the Orb.
     0 | D:1      | Reached XP level 1. HP: 15/15 MP: 3/3
     3 | D:1      | Learned a level 1 spell: Animate Skeleton
   340 | D:1      | Reached XP level 2. HP: 22/24 MP: 1/4
   833 | D:2      | Noticed Sigmund
  1091 | D:2      | Noticed a crimson imp
  1184 | D:2      | Killed a crimson imp
  1184 | D:2      | Reached skill level 1 in Fighting
  1184 | D:2      | Reached XP level 3. HP: 10/31 MP: 6/6
  1189 | D:2      | Learned a level 3 spell: Vampiric Draining
  1217 | D:2      | Found an opulent altar of Gozag.
  1391 | D:3      | Reached skill level 5 in Necromancy
  1449 | D:3      | Noticed Terence
  1470 | D:3      | Reached XP level 4. HP: 25/38 MP: 5/7
  1680 | D:3      | Killed Terence
  2034 | D:3      | Found a runed translucent door.
  2035 | D:3      | Noticed Crazy Yiuf
  2114 | D:2      | Killed Sigmund
  2114 | D:2      | Reached skill level 6 in Necromancy
  2114 | D:2      | Reached XP level 5. HP: 18/45 MP: 9/9
  2114 | D:2      | Reached XP level 6. HP: 21/52 MP: 10/10
  2273 | D:2      | Found a glowing golden altar of the Shining One.
  2362 | D:2      | Learned a level 4 spell: Animate Dead
  2849 | D:4      | Reached skill level 7 in Necromancy
  2942 | D:3      | Killed Crazy Yiuf
  3005 | D:4      | Reached XP level 7. HP: 42/62 MP: 11/11
  3483 | D:4      | Reached skill level 8 in Necromancy
  3539 | D:5      | Entered Level 5 of the Dungeon
  3665 | D:5      | Reached skill level 1 in Armour
  4013 | D:5      | Found a blossoming altar of Fedhas.
  4026 | D:5      | Noticed an oklob plant
  4147 | D:5      | Reached skill level 1 in Axes
  4147 | D:5      | Reached skill level 9 in Necromancy
  4147 | D:5      | Reached XP level 8. HP: 27/69 MP: 12/12
  4354 | D:5      | Found a snail-covered altar of Cheibriados.
  4931 | D:6      | Noticed Pikel
  4938 | D:6      | Killed Pikel
  4938 | D:6      | Reached skill level 10 in Necromancy
  4986 | D:6      | Reached skill level 5 in Axes
  5191 | D:6      | Gained mutation: You passively map the area around you.
                  | [Deep Dwarf growth]
  5191 | D:6      | Reached XP level 9. HP: 42/75 MP: 13/13
  5202 | D:6      | Reached skill level 1 in Maces & Flails
  5307 | D:6      | Got a smoking short sword
  5308 | D:6      | Identified the cursed +0 short sword of the Tomato {pierce,
                  | +Fly rC+ Stlth-} (You found it on level 6 of the Dungeon)
  5412 | D:6      | Reached skill level 1 in Short Blades
  5977 | D:6      | Found an ancient bone altar of Kikubaaqudgha.
  5995 | D:6      | Reached skill level 11 in Necromancy
  5998 | D:6      | Became a worshipper of Kikubaaqudgha
  6165 | D:7      | Found a staircase to the Ecumenical Temple.
  6278 | D:7      | Found an ornate altar of the Wu Jian Council.
  6532 | D:7      | Found a corrupted altar of Lugonu.
  6534 | D:7      | Found a transporter.
  6571 | D:7      | Found a transporter.
  6572 | D:7      | Noticed a purple ugly thing
  6572 | D:7      | Noticed a red ugly thing
  6866 | D:8      | Found a shimmering altar of Xom.
  6910 | D:8      | Found a hide-covered altar of Uskayaw.
  6966 | D:8      | Found a sacrificial altar of Ru.
  7013 | D:8      | Reached * piety under Kikubaaqudgha
  7013 | D:8      | Identified Kikubaaqudgha's Collected Works on Darkness
                  | (Kikubaaqudgha gifted it to you on level 8 of the Dungeon)
  7013 | D:8      | Received a gift from Kikubaaqudgha
  7020 | D:8      | Learned a level 2 spell: Sublimation of Blood
  7440 | D:9      | Found Fumaguer's Antique Weapon Boutique.
  7442 | D:9      | Found a shadowy altar of Dithmenos.
  7448 | D:9      | Bought a warped hunting sling for 123 gold pieces
  7449 | D:9      | Identified the cursed +1 hunting sling of Joudool
                  | {velocity, rN+ Str+4 Dex+3} (You bought it in a shop on
                  | level 9 of the Dungeon)
  7940 | D:9      | Reached skill level 1 in Slings
  8012 | D:9      | Noticed Maurice
  8192 | D:9      | Noticed a moth of wrath
  8195 | D:9      | Found a bloodstained altar of Trog.
  8482 | D:10     | Entered Level 10 of the Dungeon
  8618 | D:10     | Reached skill level 12 in Necromancy
  8618 | D:10     | Reached XP level 10. HP: 67/84 MP: 0/14
  8933 | D:10     | Reached skill level 5 in Short Blades
  9533 | D:10     | Reached skill level 5 in Slings
  9549 | D:10     | Found a staircase to the Lair.
  9673 | D:11     | Noticed a purple ugly thing
  9679 | D:11     | Noticed Nergalle
  9722 | D:11     | Noticed an orc knight
  9824 | D:10     | Killed an orc knight
  9824 | D:10     | Reached ** piety under Kikubaaqudgha
  9824 | D:10     | Reached skill level 13 in Necromancy
 10171 | D:11     | Noticed Erolcha
 10184 | D:11     | Killed Erolcha
 10385 | D:9      | Killed Maurice
 10385 | D:9      | Reached XP level 11. HP: 62/90 MP: 2/15
 10629 | D:11     | Noticed a spectral orc warlord
 10635 | D:11     | Noticed a spectral orc warlord
 10671 | D:11     | Noticed FishyPogo's ghost (journeyman TrMo)
 10672 | D:11     | Noticed a minotaur
 10718 | D:11     | Killed a purple ugly thing
 10913 | D:11     | Found a staircase to the Orcish Mines.
 10915 | D:11     | Found a runed translucent gate.
 10915 | D:11     | Found a runed translucent gate.
 10915 | D:11     | Found a runed translucent gate.
 10996 | D:11     | Killed Nergalle
 11083 | D:11     | Noticed Snorg
 11140 | D:11     | Killed Snorg
 11140 | D:11     | Reached skill level 14 in Necromancy
 11195 | D:11     | Noticed Urug
 11470 | D:11     | Found a roughly hewn altar of Beogh.
 11510 | D:11     | HP: 3/90 [minotaur/javelin (8)]
 11644 | D:11     | Slain by a minotaur

Skill      XL: |  1  2  3  4  5  6  7  8  9 10 11 |
---------------+----------------------------------+-----
Spellcasting   | 2 3 |  3.0
Fighting       | 1 2 3 |  3.0
Stealth        | 3 |  3.0
Necromancy     | 5 6 7 9 10 12 13 14 | 14.3
Dodging        | 3 |  3.0
Armour         | 2 3 |  3.0
Axes           | 1 5 |  5.1
Maces & Flails | 1 |  1.6
Short Blades   | 4 5 |  5.0
Slings         | 2 7 8 |  8.0
Evocations     | |  0.3

Action                   |  1- 3 |  4- 6 |  7- 9 | 10-12 || total
-------------------------+-------+-------+-------+-------++-------
Melee: Unarmed           |    48 |       |       |       ||    48
       Whip              |    35 |    13 |    11 |       ||    59
       Short sword       |       |    63 |   366 |       ||   429
       Flail             |       |       |     7 |    64 ||    71
       Hunting sling     |       |       |    35 |    18 ||    53
 Fire: Hunting sling     |       |       |    43 |   156 ||   199
Throw: Stone             |    11 |     4 |     7 |       ||    22
       Tomahawk          |       |       |       |     1 ||     1
 Cast: Pain              |    39 |    41 |    71 |    53 ||   204
       Animate Skeleton  |     8 |     9 |    16 |     8 ||    41
       Vampiric Draining |     4 |    26 |   126 |   114 ||   270
 Abil: Heal Wounds       |       |       |     1 |     4 ||     5
  Use: Scroll            |       |       |     4 |     7 ||    11
       Potion            |       |       |       |     3 ||     3
 Stab: Sleeping          |       |     2 |     3 |       ||     5
       Distracted        |       |       |     2 |     1 ||     3
  Eat: Chunk             |     3 |     9 |    26 |    23 ||    61
       Ration            |       |       |     1 |       ||     1
Armor: Robe              |    20 |       |       |       ||    20
       Leather armour    |     7 |    36 |   189 |    38 ||   270
       Skin              |       |       |       |    13 ||    13
       Scale mail        |       |       |       |    45 ||    45
       Plate armour      |       |       |       |     8 ||     8
       Troll leather arm |       |       |       |     3 ||     3
Dodge: Dodged            |    74 |    79 |   386 |   266 ||   805
